 Dungeon Crawl Stone Soup version 0.20.1-1-g8b1a95d (webtiles) character file.

6880 Mesmaeker13 the Nimble (level 10, -10/56 HPs)
             Began as a Deep Elf Wizard on July 8, 2017.
             Was an Elder of Vehumet.
             Mangled by a seven-headed hydra (12 damage)
             ... on level 9 of the Dungeon.
             The game lasted 00:48:51 (13707 turns).

Mesmaeker13 the Nimble (Deep Elf Wizard)           Turns: 13707, Time: 00:48:52

Health: -10/56     AC:  9    Str:  7    XL:     10   Next: 79%
Magic:  9/24       EV: 17    Int: 24    God:    Vehumet [****..]
Gold:   373        SH:  0    Dex: 13    Spells: 9/25 levels left

rFire    + . .     SeeInvis .   K - +2 dagger (venom)
rCold    + . .     Gourm    .   (no shield)
rNeg     . . .     Faith    .   g - +2 leather armour {rC+}
rPois    .         Spirit   .   b - +0 hat
rElec    .         Reflect  .   e - +0 cloak
rCorr    .         Harm     .   (no gloves)
MR       +....                  i - +2 pair of boots
Stlth    ++........             (no amulet)
Regen    0.2/turn               j - ring of protection from fire
MPRegen  0.2/turn               (no ring)

@: no status effects
A: no striking features
a: Renounce Religion


You were on level 9 of the Dungeon.
You worshipped Vehumet.
Vehumet was greatly pleased with you.
You were not hungry.

You visited 3 branches of the dungeon, and saw 12 of its levels.

You collected 487 gold pieces.
You spent 114 gold pieces at shops.

Inventory:

Hand Weapons
 a - a +2 dagger of protection
 I - a +0 blowgun
 K - a +2 dagger of venom (weapon)
Missiles
 o - 8 needles of frenzy
 B - 45 poisoned needles
Armour
 b - a +0 hat (worn)
 e - a +0 cloak (worn)
 g - a +2 leather armour of cold resistance (worn)
 i - a +2 pair of boots (worn)
Jewellery
 j - a ring of protection from fire (left hand)
Wands
 O - a wand of iceblast (7/15)
Scrolls
 m - a scroll of identify
 s - 5 scrolls of remove curse
 u - a scroll of enchant armour
 v - 4 scrolls of teleportation
 w - 5 scrolls of magic mapping
 x - 2 scrolls of fear
 y - 2 scrolls of torment
 D - 2 scrolls of amnesia
 E - 2 scrolls of fog
 J - 2 scrolls of recharging
Potions
 h - 3 potions of heal wounds
 k - a potion of berserk rage
 n - 3 potions of agility
 p - a potion of flight
 q - a potion of invisibility
 z - 2 potions of curing
 A - 2 potions of ambrosia
 F - 2 potions of haste
 G - a potion of resistance
 H - a potion of might {unknown}
 L - 2 potions of degeneration {unknown}
Books
 c - a book of Minor Magic

   Spells                             Type                      Level
   a - Magic Dart                     Conjuration                  1
   b - Blink                          Translocation                2
   c - Call Imp                       Summoning                    2
   d - Slow                           Hexes                        2
   e - Conjure Flame                  Conjuration/Fire             3
   f - Mephitic Cloud                 Conjuration/Poison/Air       3
 r - a book of Air

   Spells                             Type                      Level
   a - Shock                          Conjuration/Air              1
   b - Swiftness                      Charms/Air                   2
   c - Static Discharge               Conjuration/Air              3
   d - Airstrike                      Air                          4
   e - Lightning Bolt                 Conjuration/Air              5
Comestibles
 d - 5 bread rations
 f - 29 fruits
 l - 9 royal jellies
 t - 3 meat rations


   Skills:
 - Level 3.0 Fighting
 + Level 10.6 Dodging
 - Level 2.4 Stealth
 + Level 8.2 Spellcasting
 - Level 8.0 Conjurations
 - Level 3.0 Hexes
 - Level 4.0 Summonings
   Level 1.1 Translocations
 - Level 4.0 Air Magic
 + Level 6.2 Earth Magic
 - Level 6.0 Poison Magic


You had 9 spell levels left.
You knew the following spells:

 Your Spells              Type           Power        Failure   Level  Hunger
a - Magic Dart            Conj           ####         1%          1    None
b - Call Imp              Summ           ####....     2%          2    None
c - Mephitic Cloud        Conj/Pois/Air  #####...     1%          3    None
d - Slow                  Hex            ###.....     4%          2    None
e - Stone Arrow           Conj/Erth      #####.       1%          3    None
f - Lee's Rapid Deconstr  Erth           #####.....   5%          5    #####..


Dungeon Overview and Level Annotations

Branches:
Dungeon (10/15)            Temple (1/1) D:5            Lair (1/6) D:9
    Orc: D:9-12

Altars:
Ashenzari
Cheibriados
Dithmenos
Elyvilon
Fedhas
Gozag
Hepliaklqana
Kikubaaqudgha
Makhleb
Nemelex Xobeh
Okawaru
Qazlal
Ru
Sif Muna
Trog
Uskayaw
Vehumet
Xom
Yredelemnul
Zin
The Shining One

Shops:
D:4 [   D:7 ![(%

Annotations:
D:8 Monsterracer's ghost, novice DDEE
D:10 spacecamp's ghost, journeyman TrHu


Message History

The seven-headed hydra bites you but does no damage.
The seven-headed hydra bites you! The seven-headed hydra misses you.
The seven-headed hydra bites you but does no damage.
The seven-headed hydra closely misses you.
The seven-headed hydra bites you.
The seven-headed hydra closely misses you.
As you read the scroll of fear, it crumbles to dust.
You assume a fearsome visage.
The seven-headed hydra resists with almost no effort.
The seven-headed hydra bites you!
* * * LOW HITPOINT WARNING * * *
The seven-headed hydra barely misses you.
The seven-headed hydra bites you!
* * * LOW HITPOINT WARNING * * *
The seven-headed hydra bites you.
* * * LOW HITPOINT WARNING * * *
The seven-headed hydra bites you but does no damage.
The seven-headed hydra barely misses you.
The seven-headed hydra bites you!
You die...

##########.# #.......
#..........# #.######
##########.# #.# #.#
#.# #.# #.# #.# #.#
### ###
###.#######.###
####@(.##..##..#.##
#.##.D..##........###
##.####............##
#.###.#.............
#.'###...##...#.....
###...#.#.#..##.###.
#..######.#.#####.#
##...# #..#.# ###
##### ###### #


You could see a seven-headed hydra.

Vanquished Creatures
  A komodo dragon (D:9)
  A hornet (D:8)
  The ghost of StormFighter the Firebug, an amateur DEFE (D:5)
  6 yaks (D:9)
  2 wyverns (D:9)
  A steam dragon (D:9)
  An acid dragon (D:9)
  3 water moccasins
  5 orc warriors
  2 sky beasts
  A necrophage (D:8)
  7 ogres
  A black bear (D:9)
  3 crocodiles (D:9)
  2 big kobolds
  2 gnoll sergeants (D:9)
  6 bullfrogs
  3 scorpions
  3 killer bees (D:8)
  4 crimson imps
  4 hounds
  3 jellies
  3 centaur zombies
  A bullfrog zombie (D:5)
  12 orc wizards
  2 bullfrog skeletons (D:5)
  3 orc priests
  A centaur skeleton (D:5)
  An iguana (D:7)
  8 worker ants
  2 killer bee zombies
  3 hound zombies
  A worker ant zombie (D:5)
  14 gnolls
  A howler monkey skeleton (D:8)
  12 adders
  2 oozes
  4 worms
  A dart slug (D:1)
  6 leopard geckos
  33 orcs
  5 giant cockroaches
  8 goblins
  4 hobgoblins
  6 jackals
  13 kobolds
  4 quokkas
  2 ball pythons
  7 bats
  8 frilled lizards
  2 leopard gecko zombies
  13 rats
244 creatures vanquished.

Vanquished Creatures (collateral kills)
  Edmund (D:5)
  An ice beast (D:5)
  An ogre (D:5)
  A bullfrog (D:8)
  A gnoll sergeant (D:5)
  A scorpion (D:4)
  A crimson imp (D:5)
  A quasit (D:5)
  A hound (D:4)
  An orc priest (D:3)
  2 orc wizards
  A centaur skeleton (D:7)
  5 worker ants
  A gnoll (D:5)
  An adder (D:6)
  3 worms
  A dart slug (D:3)
  A leopard gecko (D:5)
  8 orcs
  A hobgoblin (D:2)
  A jackal (D:3)
  2 kobolds
  A leopard gecko zombie (D:5)
  2 rats (D:3)
40 creatures vanquished.

Grand Total: 284 creatures vanquished

Notes
Turn   | Place    | Note
-------+----------+-------------------------------------------
     0 | D:1      | Mesmaeker13 the Deep Elf Wizard began the quest for the Orb.
     0 | D:1      | Reached XP level 1. HP: 10/10 MP: 7/7
   274 | D:1      | Reached skill level 3 in Dodging
   319 | D:1      | Reached XP level 2. HP: 15/15 MP: 6/9
   940 | D:1      | Reached XP level 3. HP: 9/19 MP: 1/10
  1343 | D:2      | Learned a level 2 spell: Call Imp
  1903 | D:2      | Reached skill level 4 in Dodging
  2138 | D:2      | Reached XP level 4. HP: 24/24 MP: 1/12
  2333 | D:2      | Learned a level 3 spell: Mephitic Cloud
  2412 | D:2      | Found a sparkling altar of Nemelex Xobeh.
  2570 | D:2      | Reached skill level 1 in Poison Magic
  2982 | D:3      | Reached XP level 5. HP: 26/28 MP: 1/13
  3803 | D:4      | Found a bloodstained altar of Trog.
  3930 | D:4      | Found Xenibru's Antique Armour Shoppe.
  3984 | D:4      | Reached XP level 6. HP: 30/32 MP: 3/14
  4579 | D:4      | Reached skill level 5 in Dodging
  4664 | D:4      | Found a shimmering altar of Xom.
  4758 | D:5      | Entered Level 5 of the Dungeon
  4767 | D:4      | Reached skill level 1 in Air Magic
  4882 | D:4      | Reached XP level 7. HP: 29/36 MP: 8/15
  5485 | D:5      | Found a staircase to the Ecumenical Temple.
  5500 | D:5      | Reached skill level 5 in Conjurations
  5504 | Temple   | Entered the Ecumenical Temple
  5595 | Temple   | Became a worshipper of Vehumet
  5795 | D:5      | Noticed StormFighter's ghost (amateur DEFE)
  6101 | D:5      | Reached skill level 6 in Dodging
  6580 | D:6      | Learned a level 2 spell: Slow
  6690 | D:6      | Reached skill level 1 in Hexes
  6690 | D:6      | Reached XP level 8. HP: 41/41 MP: 6/16
  6767 | D:6      | Reached * piety under Vehumet
  6767 | D:6      | Offered knowledge of Sting by Vehumet.
  7297 | D:6      | Noticed Edmund
  7614 | D:5      | Killed Edmund
  7790 | D:5      | Killed StormFighter's ghost
  7893 | D:5      | Reached skill level 5 in Poison Magic
  8114 | D:5      | Found a deep blue altar of Sif Muna.
  8114 | D:5      | Found a burning altar of Makhleb.
  8256 | D:5      | Reached skill level 7 in Dodging
  8288 | D:5      | Reached ** piety under Vehumet
  8288 | D:5      | Offered knowledge of Shock by Vehumet.
  8615 | D:5      | Reached skill level 5 in Spellcasting
  9015 | D:7      | Found Unwamara's Antique Armour Boutique.
  9067 | D:7      | Bought a glowing robe for 114 gold pieces
  9234 | D:7      | Found Jufixt's Distillery.
  9259 | D:7      | Reached XP level 9. HP: 42/45 MP: 14/19
  9368 | D:7      | Found Soget's Food Boutique.
  9734 | D:7      | Reached skill level 8 in Dodging
  9742 | D:7      | Offered knowledge of Stone Arrow by Vehumet.
  9773 | D:7      | Learned a level 3 spell: Stone Arrow
  9924 | D:7      | Found Futhrius's Antique Weapon Shoppe.
 10211 | D:8      | Found a shattered altar of Ashenzari.
 10484 | D:8      | Reached skill level 1 in Earth Magic
 10950 | D:8      | Reached *** piety under Vehumet
 10969 | D:8      | Noticed Monsterracer's ghost (novice DDEE)
 11262 | D:8      | Reached skill level 9 in Dodging
 11367 | D:9      | Offered knowledge of Olgreb's Toxic Radiance by Vehumet.
 11401 | D:9      | Reached skill level 1 in Fighting
 11518 | D:9      | Reached XP level 10. HP: 52/52 MP: 15/21
 12369 | D:9      | Reached **** piety under Vehumet
 12544 | D:9      | Reached skill level 10 in Dodging
 12544 | D:9      | Reached skill level 5 in Earth Magic
 12692 | D:9      | Found a staircase to the Lair.
 13019 | D:10     | Entered Level 10 of the Dungeon
 13034 | D:10     | Offered knowledge of Lee's Rapid Deconstruction by Vehumet.
 13074 | D:10     | Learned a level 5 spell: Lee's Rapid Deconstruction
 13542 | D:10     | Noticed spacecamp's ghost (journeyman TrHu)
 13697 | Lair:1   | Entered Level 1 of the Lair of Beasts
 13697 | Lair:1   | Noticed a seven-headed hydra
 13707 | D:9      | HP: 2/56 [seven-headed hydra (6)]
 13707 | D:9      | Mangled by a seven-headed hydra

Skill      XL: |  1  2  3  4  5  6  7  8  9 10 |
---------------+-------------------------------+-----
Dodging        | 3 4 5 6 7 9 10 | 10.6
Conjurations   | 2 3 4 5 6 8 |  8.0
Poison Magic   | 1 2 3 4 5 6 |  6.0
Summonings     | 2 3 4 |  4.0
Air Magic      | 1 3 4 |  4.0
Hexes          | 1 3 |  3.0
Spellcasting   | 5 6 8 |  8.2
Earth Magic    | 3 6 |  6.2
Fighting       | 1 3 |  3.0
Stealth        | |  2.4
Translocations | |  1.1

Action                   |  1- 3 |  4- 6 |  7- 9 | 10-12 || total
-------------------------+-------+-------+-------+-------++-------
Melee: Dagger            |    21 |    63 |   113 |   164 ||   361
       Short sword       |       |     1 |   173 |       ||   174
 Cast: Magic Dart        |    78 |   129 |   317 |    28 ||   552
       Call Imp          |     5 |    15 |    53 |     4 ||    77
       Mephitic Cloud    |       |     5 |    25 |    20 ||    50
       Stone Arrow       |       |       |    11 |    26 ||    37
       Lee's Rapid Decon |       |       |       |     4 ||     4
Evoke: Wand              |       |       |     4 |     3 ||     7
  Use: Scroll            |     4 |     6 |     8 |     3 ||    21
       Potion            |       |       |     2 |     2 ||     4
 Stab: Sleeping          |       |     1 |     3 |     1 ||     5
       Confused          |       |       |    13 |    11 ||    24
       Distracted        |       |       |     2 |       ||     2
  Eat: Chunk             |     3 |     9 |     7 |     8 ||    27
       Meat ration       |       |       |     2 |       ||     2
       Bread ration      |       |       |     1 |       ||     1
Armor: Robe              |    21 |    21 |    83 |    18 ||   143
       Leather armour    |       |       |     2 |     9 ||    11
Dodge: Dodged            |    50 |    61 |   242 |   112 ||   465
